 Dungeon Crawl Stone Soup version 0.21.1-1-g345015fe64 (webtiles) character file.

32 bonnero the Charmwright (level 3, -4/24 HPs)
             Began as a Halfling Skald on July 7, 2018.
             Slain by an adder (5 damage)
             ... on level 2 of the Dungeon.
             The game lasted 00:15:27 (1012 turns).

bonnero the Charmwright (Halfling Skald)            Turns: 1012, Time: 00:15:27

Health: -4/24      AC:  3    Str: 12    XL:     3   Next: 45%
Magic:  3/5        EV: 14    Int: 12    God:
Gold:   55         SH:  0    Dex: 13    Spells: 4/5 levels left

rFire    . . .     SeeInvis .   g - +0 mace
rCold    . . .     Gourm    .   (shield restricted)
rNeg     . . .     Faith    .   b - +0 leather armour
rPois    .         Spirit   .   (no helmet)
rElec    .         Reflect  .   (no cloak)
rCorr    .         Harm     .   (no gloves)
MR       .....                  (no boots)
Stlth    +.........             (no amulet)
HPRegen  0.08/turn              (no ring)
MPRegen  0.09/turn              (no ring)

@: lethally poisoned (-4 -> -7)
A: small, mutation resistance 1
a: no special abilities


You were on level 2 of the Dungeon.
You were not hungry.

You visited 1 branch of the dungeon, and saw 2 of its levels.

You collected 55 gold pieces.

Inventory:

Hand Weapons
 a - a +0 hand axe
 g - a +0 mace (weapon)
 t - a +0 hunting sling
Missiles
 n - 51 stones (quivered)
Armour
 b - a +0 leather armour (worn)
Scrolls
 e - 3 scrolls of teleportation {unknown}
 f - 2 scrolls of amnesia {unknown}
 j - 2 scrolls of remove curse {unknown}
 o - a scroll of immolation {unknown}
Potions
 h - a potion of invisibility {unknown}
 i - 2 potions of resistance {unknown}
 k - a potion of magic {unknown}
 l - a potion of haste {unknown}
 p - a potion of heal wounds {unknown}
 q - a potion of curing {unknown}
 r - a potion of lignification {unknown}
Books
 c - a book of Battle

   Spells                             Type                      Level
   a - Infusion                       Charms                       1
   b - Shroud of Golubria             Charms/Translocation         2
   c - Song of Slaying                Charms                       2
   d - Spectral Weapon                Hexes/Charms                 3
   e - Regeneration                   Charms/Necromancy            3
Comestibles
 d - 3 rations
 s - a chunk of flesh


   Skills:
 + Level 2.1 Fighting
 - Level 2.3 Axes
 + Level 1.1 Armour
 + Level 2.3 Dodging
 + Level 1.6 Spellcasting
 + Level 4.0 Charms


You had 4 spell levels left.
You knew the following spells:

 Your Spells              Type           Power        Failure   Level  Hunger
a - Infusion              Chrm           ##..         7%          1    ##.....


Dungeon Overview and Level Annotations

Branches:
Dungeon (2/15)

Altars:


Innate Abilities, Weirdness & Mutations

You are small and have problems with some larger weapons.
You are somewhat resistant to further mutation.


Message History

Your magical infusion is running out.
You feel sick. The frilled lizard closely misses you. The adder bites you.
The adder barely misses you.
You feel sick. The bat hits you but does no damage. The bat misses you.
The bat closely misses you.
You hit the bat.
The bat is severely wounded.
You are no longer magically infusing your attacks.
You feel sick. The bat hits you.
* * * LOW HITPOINT WARNING * * *
The adder bites you.
* * * LOW HITPOINT WARNING * * *
You miss the adder.
The adder is heavily wounded.
The adder bites you.
* * * LOW HITPOINT WARNING * * *
The adder bites you.
You die...

........# (...(...# #
......s.##.# #..#.#
##...# ##s...# ######
#bl##.##
......##S###..########
#...@............##
##................# .
#...#..#..#..#...#
..#####
#..#..#..#..#..#.#
#......
##(...#..#..#).#..#
.......##
#....#..#..#..#...# #..#
#...#..#..#..#..#.#
##.###.................#
#..#....########..#####


You could see an adder, a giant cockroach, a bat and a frilled lizard.

Vanquished Creatures
  An ooze (D:1)
  A dart slug (D:1)
  3 ball pythons (D:1)
  4 goblins (D:1)
  3 hobgoblins
  2 kobolds (D:1)
  8 bats
  A frilled lizard (D:1)
  4 rats (D:1)
27 creatures vanquished.

Notes
Turn   | Place    | Note
-------+----------+-------------------------------------------
     0 | D:1      | bonnero the Halfling Skald began the quest for the Orb.
     0 | D:1      | Reached XP level 1. HP: 14/14 MP: 3/3
    71 | D:1      | Reached XP level 2. HP: 18/19 MP: 0/4
   303 | D:1      | Reached XP level 3. HP: 24/24 MP: 2/5
   358 | D:1      | Reached skill level 4 in Charms
  1012 | D:2      | HP: 1/24 [adder (2)]
  1012 | D:2      | Slain by an adder

Skill      XL: |  1  2  3 |
---------------+----------+-----
Fighting       | 2 |  2.1
Charms         | 4 |  4.0
Axes           | |  2.3
Armour         | |  1.1
Dodging        | |  2.3
Spellcasting   | |  1.6

Action                   || total
-------------------------++-------
Melee: Hand axe          ||    35
       Mace              ||    32
 Fire: Hunting sling     ||     4
 Cast: Infusion          ||    13
  Eat: Chunk             ||     1
Armor: Leather armour    ||    23
Dodge: Dodged            ||    95
